 Dungeon Crawl Stone Soup version 0.22-a0-482-g76e0a5f (webtiles) character file.

192 Gildeon the Magician (level 5, 0/28 HPs)
             Began as a Deep Elf Fire Elementalist on June 17, 2018.
             Slain by an orc wizard
             ... wielding a +0 dagger
              (2 damage)
             ... on level 3 of the Dungeon.
             The game lasted 00:15:06 (2694 turns).

Gildeon the Magician (Deep Elf Fire Elementalist)   Turns: 2694, Time: 00:15:07

Health: 0/28       AC:  3    Str:  5    XL:     5   Next: 42%
Magic:  10/14      EV: 13    Int: 21    God:
Gold:   122        SH:  0    Dex: 17    Spells: 0/13 levels left

rFire    . . .     SeeInvis .   d - +2 dagger (holy)
rCold    . . .     Gourm    .   (no shield)
rNeg     . . .     Faith    .   a - +0 robe
rPois    .         Spirit   .   m - +0 helmet
rElec    .         Reflect  .   (no cloak)
rCorr    .         Harm     .   (no gloves)
MR       .....                  (no boots)
Stlth    ++........             (no amulet)
HPRegen  0.09/turn              e - ring of wizardry
MPRegen  0.14/turn              k - +2 ring of dexterity

@: very slightly contaminated
A: no striking features
a: no special abilities


You were on level 3 of the Dungeon.
You were not hungry.

You visited 1 branch of the dungeon, and saw 3 of its levels.

You collected 122 gold pieces.

Inventory:

Hand Weapons
 d - a +2 dagger of holy wrath (weapon)
 j - a +1 dagger of venom
 p - a cursed -2 dagger
Missiles
 h - 106 stones (quivered)
Armour
 a - a +0 robe (worn)
 m - a +0 helmet (worn)
Jewellery
 e - a ring of wizardry (left hand)
 k - a +2 ring of dexterity (right hand)
Wands
 q - a wand of enslavement (10)
Potions
 b - a potion of flight
 f - 2 potions of agility
 g - a potion of might {unknown}
 i - a potion of heal wounds {unknown}
 l - a potion of degeneration {unknown}
 n - 3 potions of curing {unknown}
Comestibles
 c - 3 rations
 o - 4 chunks of flesh


   Skills:
 - Level 0.3 Short Blades
 - Level 2.4 Dodging
 - Level 2.4 Stealth
 + Level 4.9 Spellcasting
 + Level 3.4 Conjurations
 + Level 4.7 Fire Magic


You couldn't memorise any spells.
You knew the following spells:

 Your Spells              Type           Power        Failure   Level  Hunger
a - Flame Tongue          Conj/Fire      ###..        1%          1    None
b - Throw Flame           Conj/Fire      ###...       1%          2    None
c - Conjure Flame         Conj/Fire      ###.....     2%          3    ##.....
d - Inner Flame           Hex/Fire       ###.....     4%          3    ##.....
e - Sticky Flame          Conj/Fire      ###.....     9%          4    ####...

Your spell library contained the following spells:

 Spells                   Type           Power        Failure   Level  Hunger
 Fireball                 Conj/Fire      ###.......   22%         5    #####..


Dungeon Overview and Level Annotations

Branches:
Dungeon (3/15)

Altars:

Annotations:
D:2 Terence
D:3 Natasha


Message History

You kill the orc!
Casting: Flame Tongue (safe; 1% risk of failure)
Confirm with . or Enter, or press ? or * to list all spells.
You can't see any susceptible monsters within range! (Use Z to cast anyway.) Unknown command.
You closely miss something. You barely miss something. Something hits you.
You hit something but do no damage.
You hear some strange, mumbled words.
A puff of flame appears from out of thin air!
The puff of flame misses you.
You miss something. Something hits you.
You miss something.
You hear some strange, mumbled words.
A puff of flame appears from out of thin air!
The puff of flame hits you!
* * * LOW HITPOINT WARNING * * *
You completely miss something. Something barely misses you.
You miss something. Something hits you.
You die...

############
...........###
##.............
#.........#.... ##
###........รท#..## #.
..............##
#.##.####.........#.###
#....{@.#..............
#.##.##.##.............
#. #.............### #.
#####..####.### # #. #.
#..####.#####
##.##.######.^..........
.............####.#####
#.#>#########..# #.#
#.#....# #..# #.#


There were no monsters in sight!

Vanquished Creatures
  A hound (D:3)
  Ijyb (D:3)
  5 adders
  2 oozes
  2 worms (D:2)
  6 dart slugs
  3 leopard geckos
  2 orcs (D:3)
  A ball python (D:2)
  5 bats
  3 giant cockroaches
  4 goblins
  5 hobgoblins
  5 jackals
  7 frilled lizards
  6 kobolds
  7 rats
65 creatures vanquished.

Notes
Turn   | Place    | Note
-------+----------+-------------------------------------------
     0 | D:1      | Gildeon the Deep Elf Fire Elementalist began the quest for the Orb.
     0 | D:1      | Reached XP level 1. HP: 10/10 MP: 6/6
   146 | D:1      | Reached XP level 2. HP: 12/15 MP: 2/8
   162 | D:1      | Learned a level 2 spell: Throw Flame
   726 | D:1      | You fall through a shaft!
   756 | D:2      | Reached XP level 3. HP: 17/19 MP: 6/10
   796 | D:1      | Learned a level 3 spell: Conjure Flame
   800 | D:1      | Learned a level 3 spell: Inner Flame
  1611 | D:2      | Reached XP level 4. HP: 24/24 MP: 9/12
  1782 | D:2      | Noticed Terence
  2329 | D:3      | Noticed Ijyb
  2403 | D:3      | Noticed Natasha
  2516 | D:3      | Reached XP level 5. HP: 26/28 MP: 5/14
  2518 | D:3      | Killed Ijyb
  2529 | D:3      | Learned a level 4 spell: Sticky Flame
  2694 | D:3      | Slain by an orc wizard

Vault maps used:
D:1:      lightli_iron_boxes, minmay_distorted
D:2:      uniq_terence
D:3:      portal_sewer_entry_e, first_ration, uniq_jessica, uniq_natasha,
          uniq_ijyb

Skill      XL: |  1  2  3  4 |
---------------+-------------+-----
Conjurations   | 2 3 |  3.4
Spellcasting   | 4 |  4.9
Fire Magic     | 4 |  4.7
Short Blades   | |  0.3
Dodging        | |  2.4
Stealth        | |  2.4

Action                   |  1- 3 |  4- 6 || total
-------------------------+-------+-------++-------
Melee: Dagger            |    30 |    17 ||    47
 Cast: Flame Tongue      |    59 |    50 ||   109
  Use: Scroll            |     3 |     2 ||     5
 Stab: Sleeping          |     8 |     4 ||    12
  Eat: Chunk             |     2 |     1 ||     3
       Ration            |       |     1 ||     1
Armor: Robe              |     9 |     4 ||    13
Dodge: Dodged            |    33 |    32 ||    65

Table legend:
 A = Spawn XP
 B = Non-spawn XP
 C = Spawn XP percentage of total XP
 D = Spawn monster count
 E = Non-spawn monster count
 F = Spawn count percentage of total count
 G = Total turns spent on level
                    A         B        C        D         E        F      G
               +---------+---------+-------+---------+---------+-------+---------
         Total |       0 |     275 |   0.0 |       0 |      65 |   0.0 |  2694
               +---------+---------+-------+---------+---------+-------+---------
           D:1 |       0 |      47 |   0.0 |       0 |      24 |   0.0 |  1176
           D:2 |       0 |      87 |   0.0 |       0 |      23 |   0.0 |  1135
           D:3 |       0 |     141 |   0.0 |       0 |      18 |   0.0 |   383
               +---------+---------+-------+---------+---------+-------+---------
